 Dungeon Crawl Stone Soup version 0.21-a0-404-g291f19a (webtiles) character file.

38696 karf the Fighter (level 14, -1/120 HPs)
             Began as a Formicid Fighter on Oct 31, 2017.
             Was a Priest of Ru.
             Slain by an 18-headed hydra (8 damage)
             ... on level 5 of the Lair of Beasts.
             The game lasted 00:48:36 (13435 turns).

karf the Fighter (Formicid Fighter)                Turns: 13435, Time: 00:48:37

Health: -1/120     AC: 22    Str: 23    XL:     14   Next: 35%
Magic:  0/14       EV: 10    Int:  8    God:    Ru [***...]
Gold:   829        SH: 12    Dex: 13    Spells: 13/13 levels left

rFire    . . .     SeeInvis +   D - +7 battleaxe (venom)
rCold    . . .     Gourm    .   c - +0 shield
rNeg     . . .     Faith    .   v - +5 scale mail "Eciggame" {rPois Regen+}
rPois    +         Spirit   +   (helmet unavailable)
rElec    .         Reflect  .   b - +1 cloak
rCorr    +         Harm     .   L - +2 pair of gloves
MR       +....                  F - +0 pair of boots
Stlth    ..........             t - amulet of guardian spirit
HPRegen  0.70/turn              Q - ring of wizardry
MPRegen  0.14/turn              w - ring of resist corrosion

@: no potions
A: permanent stasis, dig shafts and tunnels, four strong arms, antennae 3,
inability to drink while threatened, inability to read while threatened, no
conjurations magic, no fire magic, no transmutations magic
a: Dig, Shaft Self, Draw Out Power, Renounce Religion


You were on level 5 of the Lair of Beasts.
You worshipped Ru.
Ru was most pleased with you.
You were hungry.

You visited 3 branches of the dungeon, and saw 19 of its levels.
You also visited: Labyrinth, Sewer and Volcano.

You collected 1199 gold pieces.
You spent 370 gold pieces at shops.

Inventory:

Hand Weapons
 D - a +7 battleaxe of venom (weapon)
Armour
 b - a +1 cloak (worn)
 c - a +0 shield (worn)
 v - the +5 scale mail "Eciggame" (worn) {rPois Regen+}
   (You found it on level 4 of the Dungeon)

   It protects you from poison.
   It increases your rate of regeneration.
 F - a +0 pair of boots (worn)
 L - a +2 pair of gloves (worn)
Jewellery
 t - an amulet of guardian spirit (around neck)
 w - a ring of resist corrosion (right hand)
 A - an uncursed ring of fire
 E - a cursed ring of teleportation {unknown}
 K - a +2 ring of intelligence {unknown}
 Q - a ring of wizardry (left hand)
Wands
 r - a wand of acid (11/15)
 H - a wand of iceblast (7/15)
 N - a wand of enslavement (5/24)
 S - a wand of disintegration (8/24)
Scrolls
 e - 5 scrolls of remove curse
 i - 6 scrolls of recharging
 j - a scroll of vulnerability {unknown}
 l - 3 scrolls of amnesia
 m - a scroll of enchant weapon
 u - 6 scrolls of identify
 x - a scroll of fear {unknown}
 y - a scroll of torment {unknown}
 C - a scroll of summoning {unknown}
 G - a scroll of random uselessness {unknown}
 J - a scroll of noise {unknown}
 O - a scroll of fog
 P - 2 scrolls of enchant armour
Potions
 a - 7 potions of heal wounds
 d - 5 potions of flight
 k - 3 potions of brilliance
 n - 3 potions of agility
 o - 2 potions of magic
 q - 3 potions of lignification {unknown}
 s - a potion of berserk rage {unknown}
 z - a potion of mutation {unknown}
 B - 14 potions of curing {unknown}
 M - 2 potions of resistance {unknown}
Books
 I - a book of Conjurations

   Spells                             Type                      Level
   a - Magic Dart                     Conjuration                  1
   b - Searing Ray                    Conjuration                  2
   c - Dazzling Spray                 Conjuration/Hexes            3
   d - Fulminant Prism                Conjuration/Hexes            4
   e - Force Lance                    Conjuration/Translocation    4
   f - Iskenderun's Mystic Blast      Conjuration                  4
 R - a book of Maledictions

   Spells                             Type                      Level
   a - Corona                         Hexes                        1
   b - Ensorcelled Hibernation        Hexes/Ice                    2
   c - Confuse                        Hexes                        3
   d - Tukima's Dance                 Hexes                        3
   e - Dazzling Spray                 Conjuration/Hexes            3
Comestibles
 f - 7 bread rations
 g - 13 fruits
 h - 5 meat rations
 p - 2 royal jellies


   Skills:
 + Level 14.0 Fighting
 * Level 13.7 Axes
 + Level 14.0 Armour
 - Level 9.0 Shields


You had 13 spell levels left.
You didn't know any spells.

Dungeon Overview and Level Annotations

Branches:
Dungeon (13/15)            Temple (1/1) D:6            Lair (5/6) D:8
  Swamp (0/4) Lair:2          Orc (0/2) D:9
  Snake: Lair:2-4    Spider: Lair:2-4     Slime: Lair:5-6    Vaults: D:13-14

Altars:
Ashenzari
Cheibriados
Dithmenos
Elyvilon
Fedhas
Gozag
Hepliaklqana
Kikubaaqudgha
Makhleb
Nemelex Xobeh
Okawaru
Qazlal
Ru
Sif Muna
Trog
Uskayaw
Vehumet
Wu Jian
Xom
Yredelemnul
Zin
The Shining One

Shops:
D:5 (   D:7 *:!([   D:9 }   D:10 [   D:13 (

Annotations:
D:12 Azrael


Innate Abilities, Weirdness & Mutations

You cannot be hasted, slowed, berserked, paralysed or teleported.
You can dig through walls and to a lower floor.
Your four strong arms can wield two-handed weapons with a shield.
You have a pair of large antennae on your head. (SInv)
You cannot drink potions while threatened.
You cannot read scrolls while threatened.
You cannot study or cast Conjurations magic.
You cannot study or cast Fire magic.
You cannot study or cast Transmutations magic.


Message History

You block the 18-headed hydra's attack. The 18-headed hydra bites you.
* * * LOW HITPOINT WARNING * * *
The 18-headed hydra bites you but does no damage.
You block the 18-headed hydra's attack.
The 18-headed hydra bites you but does no damage.
The 18-headed hydra closely misses you.
The 18-headed hydra bites you but does no damage.
You can read scrolls again.
The 18-headed hydra bites you but does no damage. x2
The 18-headed hydra barely misses you.
You block the 18-headed hydra's attack. x2
The 18-headed hydra bites you but does no damage.
You block the 18-headed hydra's attack. x2
The 18-headed hydra bites you but does no damage.
The 18-headed hydra barely misses you. The 18-headed hydra bites you.
* * * LOW HITPOINT WARNING * * *
The 18-headed hydra bites you but does no damage.
The 18-headed hydra bites you.
* * * LOW HITPOINT WARNING * * *
The 18-headed hydra bites you!
You die...

#.........# #....
#.........#### #....
##........##.###....
#..............#....
##.........#........
#..........##.......
###+...########.....
#..D### #.#.P. #.@##
#####. ##..# ##..
...# ##... #..##
##.#.# ##.# ##.....
... #..P... #..
##..... ##. #..P.P.
##.#.#.


You could see a 18-headed hydra.

Vanquished Creatures
  Gastronok (Lair:1)
  A minotaur (Lab)
  The ghost of zkyp the Spear-Bearer, a novice OgMo of Gozag (D:8)
  A centaur warrior (D:13)
  A dancing weapon (Volcano)
  2 two-headed ogres
  9 death yaks
  5 wizards (Volcano)
  A manticore (D:11)
  6 elephants (Lair:5)
  5 toenail golems (Volcano)
  2 gargoyles (D:11)
  A torpor snail (Lair:5)
  A centaur skeleton (D:13)
  3 spiny frogs
  4 black mambas
  4 komodo dragons
  3 polar bears (Lair:4)
  Prince Ribbit (D:7)
  8 hippogriffs
  A meliai zombie (D:11)
  A shadow (D:11)
  3 wyverns
  A fire elemental (D:12)
  26 yaks
  11 vampire mosquitoes
  A basilisk (Lair:4)
  2 soldier ants
  An acid dragon (D:13)
  6 water moccasins
  Duvessa (D:7)
  6 porcupines
  6 hell hounds
  2 orc warriors
  An eye of draining (D:11)
  4 ice beasts
  A black bear (D:8)
  4 sky beasts
  4 phantoms
  3 ogres
  A centaur (D:7)
  7 wolves
  5 crocodiles
  4 big kobolds
  10 bullfrogs
  Dowan (D:7)
  2 wyvern skeletons
  6 scorpions
  12 killer bees
  6 wights
  A howler monkey (D:9)
  A crimson imp (D:6)
  A bullfrog zombie (D:9)
  3 jellies (D:6)
  7 hounds
  3 orc priests
  Crazy Yiuf (D:2)
  6 orc wizards
  4 iguanas
  9 worker ants
  3 hound zombies
  3 worker ant zombies
  4 gnolls (D:6)
  3 river rats (D:5)
  13 adders
  2 shadow imps
  5 oozes
  An adder zombie (D:9)
  An adder skeleton (D:8)
  7 worms
  9 leopard geckos
  28 orcs
  4 giant cockroaches
  3 hobgoblins
  2 jackals (D:7)
  3 quokkas
  6 ball pythons
  7 bats
  5 frilled lizards
  7 goblins
  38 kobolds
  A leopard gecko skeleton (D:4)
  A quokka zombie (D:5)
  12 rats
  4 plants
407 creatures vanquished.

Vanquished Creatures (others)
  A centaur skeleton (D:11)
  A komodo dragon (Lair:1)
  A centaur (D:13)
  A bullfrog zombie (D:12)
  2 orcs (D:12)
  2 fungi (Lair:4)
  3 plants
11 creatures vanquished.

Grand Total: 418 creatures vanquished

Notes
Turn   | Place    | Note
-------+----------+-------------------------------------------
     0 | D:1      | karf the Formicid Fighter began the quest for the Orb.
     0 | D:1      | Reached XP level 1. HP: 18/18 MP: 1/1
   226 | D:1      | Reached XP level 2. HP: 24/24 MP: 2/2
   840 | D:2      | Reached XP level 3. HP: 23/29 MP: 3/3
   900 | D:2      | Found a runed door.
  1068 | D:2      | Reached XP level 4. HP: 37/37 MP: 4/4
  1585 | D:2      | Noticed Crazy Yiuf
  1588 | D:2      | Killed Crazy Yiuf
  1696 | D:3      | Reached XP level 5. HP: 37/42 MP: 5/5
  2256 | D:4      | Got a distressingly furry scale mail
  2267 | D:4      | Identified the +5 scale mail "Eciggame" {rPois Regen+} (You found it on level 4 of the Dungeon)
  2302 | D:4      | Reached XP level 6. HP: 47/48 MP: 6/6
  2871 | D:5      | Entered Level 5 of the Dungeon
  2935 | D:5      | Noticed a phantom
  2940 | D:5      | Reached skill level 5 in Shields
  2947 | D:5      | Reached XP level 7. HP: 40/55 MP: 3/7
  2959 | D:5      | Reached skill level 5 in Axes
  3125 | D:5      | Found a shadowy altar of Dithmenos.
  3294 | D:5      | Reached skill level 5 in Armour
  3313 | D:5      | Reached skill level 5 in Fighting
  3327 | D:5      | Found a glowing drain.
  3334 | Sewer    | Entered a sewer
  3872 | D:5      | Found Plog's Antique Weapon Shop.
  3877 | D:5      | Bought a runed battleaxe for 190 gold pieces
  3930 | D:6      | Reached XP level 8. HP: 62/62 MP: 8/8
  4101 | D:6      | Found a glowing golden altar of the Shining One.
  4607 | D:6      | Found a staircase to the Ecumenical Temple.
  4616 | Temple   | Entered the Ecumenical Temple
  4707 | Temple   | Became a worshipper of Ru the Awakened
  4779 | D:7      | Noticed Prince Ribbit
  4781 | D:7      | Found Jeckemop's Assorted Antiques.
  4798 | D:7      | Killed Prince Ribbit
  4798 | D:7      | Reached XP level 9. HP: 71/71 MP: 9/9
  4847 | D:7      | Found Kalu's Book Shop.
  4917 | D:7      | Found Avoefix's Armour Boutique.
  4961 | D:7      | Found Izanoic's Weapon Shoppe.
  5086 | D:7      | Found Jueruc's Distillery.
  5434 | D:7      | Noticed Dowan
  5435 | D:7      | Noticed Duvessa
  5445 | D:7      | Killed Duvessa
  5447 | D:7      | Killed Dowan
  5748 | D:8      | Noticed zkyp's ghost (novice OgMo)
  5808 | D:8      | Killed zkyp's ghost
  5808 | D:8      | Reached XP level 10. HP: 44/79 MP: 6/10
  5825 | D:8      | Gained mutation: You cannot drink potions while threatened. [Ru sacrifice]
  5825 | D:8      | Reached * piety under Ru
  5919 | D:8      | Noticed a death yak
  5920 | D:8      | Noticed a death yak
  5920 | D:8      | Noticed a death yak
  5922 | D:8      | Noticed a death yak
  5922 | D:8      | Noticed a death yak
  5923 | D:8      | Noticed a death yak
  5924 | D:8      | Noticed a death yak
  5928 | D:8      | Killed a death yak
  5934 | D:8      | Killed a death yak
  5940 | D:8      | Killed a death yak
  5980 | D:7      | Killed a death yak
  5980 | D:7      | Reached XP level 11. HP: 53/89 MP: 4/11
  6056 | D:7      | Killed a death yak
  6061 | D:7      | Killed a death yak
  6120 | D:8      | Killed a death yak
  6120 | D:8      | Reached skill level 10 in Fighting
  6120 | D:8      | Reached skill level 10 in Armour
  6154 | D:8      | Found a staircase to the Lair.
  6519 | D:9      | Found a staircase to the Orcish Mines.
  6642 | D:9      | Found Xuiwisua's Gadget Boutique.
  7087 | D:9      | Reached skill level 10 in Axes
  7233 | D:10     | Entered Level 10 of the Dungeon
  7354 | D:10     | Noticed a two-headed ogre
  7367 | D:10     | Killed a two-headed ogre
  7367 | D:10     | Reached XP level 12. HP: 33/99 MP: 5/12
  7526 | D:10     | Gained mutation: You cannot study or cast Fire magic. [Ru sacrifice]
  7526 | D:10     | Gained mutation: You cannot study or cast Transmutations magic. [Ru sacrifice]
  7526 | D:10     | Gained mutation: You cannot study or cast Conjurations magic. [Ru sacrifice]
  7526 | D:10     | Reached ** piety under Ru
  7789 | D:10     | Found Yposomix's Antique Armour Shop.
  7800 | D:10     | Bought a pair of glowing gloves for 180 gold pieces
  8366 | D:11     | Noticed a two-headed ogre
  8373 | D:11     | Killed a two-headed ogre
  8421 | D:11     | You fall through a shaft for 2 floors!
  8421 | D:13     | Found Atrul's Antique Weapon Emporium.
  8421 | D:13     | Noticed a centaur warrior
  8423 | D:13     | Noticed a skeletal warrior
  8425 | D:13     | Noticed a skeletal warrior
  8426 | D:13     | Noticed a skeletal warrior
  8427 | D:13     | Noticed a tengu warrior
  8435 | D:13     | Noticed a centaur warrior
  8442 | D:13     | Noticed a catoblepas
  8447 | D:13     | Killed a centaur warrior
  8453 | D:12     | Noticed Azrael
  9191 | Lair:1   | Entered Level 1 of the Lair of Beasts
  9504 | Lair:1   | Noticed Gastronok
  9516 | Lair:1   | Killed Gastronok
  9516 | Lair:1   | Reached XP level 13. HP: 95/109 MP: 10/13
 10053 | Lair:2   | Found a staircase to the Swamp.
 10905 | Lair:3   | Found a dark tunnel.
 10924 | Volcano  | Entered a volcano
 11685 | Lair:3   | You fall through a shaft!
 11875 | Lair:4   | Noticed a five-headed hydra
 11898 | Lair:4   | Noticed an eight-headed hydra
 11952 | Lair:4   | Noticed a seven-headed hydra
 12123 | Lair:4   | Found a white marble altar of Elyvilon.
 12290 | Lair:4   | Reached XP level 14. HP: 118/118 MP: 14/14
 12603 | Lair:4   | Found the +0 Maxwell's etheric cage {RegenMP+ *Contam rElec MP+4}
 12729 | Lair:5   | Found a labyrinth entrance.
 12738 | Lab      | Entered a labyrinth
 12896 | Lab      | Gained mutation: You cannot read scrolls while threatened. [Ru sacrifice]
 12896 | Lab      | Reached *** piety under Ru
 13435 | Lair:5   | Slain by an 18-headed hydra

Vault maps used:
D:1:      lightli_iron_boxes, minmay_misc_feat_doors
D:2:      first_bread, uniq_crazy_yiuf_cottage
D:5:      grunt_dithmenos_smoke_and_mirrors, serial_shops, shop,
          lightli_sewer_entry_pipes
D:6:      temple_hall, tso_altar
D:7:      serial_shops, nicolae_shop_waterfront, shop, shop,
          kennysheep_mini_moat, shop, uniq_duvessa, uniq_prince_ribbit1
D:8:      dpeg_lair_monsters
D:9:      orc_0_dummy, serial_shops, shop
D:10:     serial_shops, nicolae_shop_crystal
D:12:     uniq_harold, uniq_azrael
D:13:     david_vaults_1, serial_shops, shop, hangedman_ranch, uniq_kirke,
          uniq_josephine
Temple:   grunt_wide_crystal_templ
Lair:1:   uniq_gastronok
Lair:2:   statuecave_lemuel, minmay_swamp_entry_swarm
Lair:3:   minmay_snake_entry_guardpost_medium, enter_volcano_3, zaba_anthole
Lair:4:   basic_altar, beast_lair_carwin_2
Lair:5:   slime_altar_1, lab_entry_generic, grunt_megastairs_3,
          minmay_lair_oklob_chamber
Lab:      labyrinth_spiral, nicolae_lab_grate, nicolae_lab_diamond,
          nicolae_lab_checkerboard
Sewer:    kennysheep_pipe_town
Volcano:  volcano_bunker

Skill      XL: |  1  2  3  4  5  6  7  8  9 10 11 12 13 14 |
---------------+-------------------------------------------+-----
Shields        | 4 5 7 8 9 |  9.0
Axes           | 3 4 5 6 7 9 10 11 13 | 13.7
Armour         | 4 5 6 7 9 10 12 13 14 | 14.0
Fighting       | 4 5 6 7 9 10 12 13 14 | 14.0

Action                   |  1- 3 |  4- 6 |  7- 9 | 10-12 | 13-15 || total
-------------------------+-------+-------+-------+-------+-------++-------
Melee: War axe           |    38 |       |       |       |       ||    38
       Hand axe          |    48 |   172 |   127 |       |       ||   347
       Battleaxe         |       |       |   117 |   338 |   301 ||   756
Invok: Sacrifice Drink   |       |       |       |     1 |       ||     1
       Sacrifice Arcana  |       |       |       |     1 |       ||     1
       Reject Sacrifices |       |       |       |     1 |       ||     1
       Sacrifice Words   |       |       |       |       |     1 ||     1
  Use: Scroll            |       |       |    13 |     5 |     1 ||    19
       Potion            |       |       |     1 |     6 |     1 ||     8
 Stab: Distracted        |       |       |       |     1 |       ||     1
       Invisible         |       |       |       |       |     2 ||     2
  Eat: Chunk             |     1 |     6 |     9 |    13 |    10 ||    39
       Royal jelly       |       |       |       |       |     1 ||     1
Armor: Scale mail        |    32 |    28 |    90 |   193 |   293 ||   636
       Plate armour      |       |    44 |       |       |       ||    44
Dodge: Dodged            |    28 |    30 |    63 |   172 |   199 ||   492
Block: Shield            |    33 |    66 |   128 |   266 |   255 ||   748

Table legend:
 A = Spawn XP
 B = Non-spawn XP
 C = Spawn XP percentage of total XP
 D = Spawn monster count
 E = Non-spawn monster count
 F = Spawn count percentage of total count
 G = Total turns spent on level
                    A         B        C        D         E        F      G
               +---------+---------+-------+---------+---------+-------+---------
         Total |       0 |   55281 |   0.0 |       0 |     405 |   0.0 | 13435
               +---------+---------+-------+---------+---------+-------+---------
           D:1 |       0 |      24 |   0.0 |       0 |      18 |   0.0 |   704
           D:2 |       0 |      88 |   0.0 |       0 |      20 |   0.0 |   910
           D:3 |       0 |     123 |   0.0 |       0 |      24 |   0.0 |   570
           D:4 |       0 |     193 |   0.0 |       0 |      18 |   0.0 |   687
           D:5 |       0 |     416 |   0.0 |       0 |      20 |   0.0 |   784
           D:6 |       0 |     807 |   0.0 |       0 |      21 |   0.0 |   765
           D:7 |       0 |    3866 |   0.0 |       0 |      24 |   0.0 |  1138
           D:8 |       0 |    5629 |   0.0 |       0 |      24 |   0.0 |   611
           D:9 |       0 |    3415 |   0.0 |       0 |      43 |   0.0 |  1016
          D:10 |       0 |    2879 |   0.0 |       0 |      26 |   0.0 |   681
          D:11 |       0 |    5069 |   0.0 |       0 |      27 |   0.0 |   818
          D:12 |       0 |     903 |   0.0 |       0 |       6 |   0.0 |   116
          D:13 |       0 |    1909 |   0.0 |       0 |       7 |   0.0 |    32
        Lair:1 |       0 |    3987 |   0.0 |       0 |      11 |   0.0 |   735
        Lair:2 |       0 |    4302 |   0.0 |       0 |      26 |   0.0 |   931
        Lair:3 |       0 |    1599 |   0.0 |       0 |      10 |   0.0 |   509
        Lair:4 |       0 |    4889 |   0.0 |       0 |      24 |   0.0 |   951
        Lair:5 |       0 |    7342 |   0.0 |       0 |      20 |   0.0 |   494
           Lab |       0 |    1058 |   0.0 |       0 |       1 |   0.0 |   212
         Sewer |       0 |     150 |   0.0 |       0 |      24 |   0.0 |   258
       Volcano |       0 |    6633 |   0.0 |       0 |      11 |   0.0 |   412
               +---------+---------+-------+---------+---------+-------+---------
